 Dungeon Crawl Stone Soup version 0.29-a0-998-g1987434951 (webtiles) character file.

Game seed: 12133268475042610621

213 Sweeb the Slasher (level 5, 0/33 HPs)
             Began as a Tengu Monk on Aug 6, 2022.
             Killed from afar by an orc wizard (4 damage)
             ... with a magic dart
             ... on level 4 of the Dungeon.
             The game lasted 00:04:59 (4172 turns).

Sweeb the Slasher (Tengu Monk)                      Turns: 4172, Time: 00:04:59

Health: 0/33       AC:  2    Str: 12    XL:     5   Next: 90%
Magic:  6/6        EV: 17    Int: 10    God:
Gold:   162        SH:  0    Dex: 18    Spells: 4/4 levels left

rFire   . . .      SeeInvis .   a - +0 falchion
rCold   . . .      Faith    .   (no shield)
rNeg    . . .      Spirit   .   b - +0 robe
rPois   +          Reflect  .   (helmet restricted)
rElec   .          Harm     .   (no cloak)
rCorr   .          Rampage  .   (no gloves)
Will    .....                   (boots unavailable)
Stlth   +++.......              (no amulet)
HPRegen 0.11/turn               i - ring of poison resistance
MPRegen 0.10/turn               (no ring)

@: weak-willed, flying quickly and evasively, quick
A: beak, talons 3, nimble flight
a: no special abilities


You were on level 4 of the Dungeon.
You visited 1 branch of the dungeon, and saw 4 of its levels.

You collected 162 gold pieces.

Inventory:

Hand Weapons
 a - a +0 falchion (weapon)
Armour
 b - a +0 robe (worn)
Jewellery
 i - a ring of poison resistance (left hand)
Scrolls
 l - a scroll of torment
Potions
 c - a potion of ambrosia
 e - 2 potions of lignification
 f - a potion of brilliance
 g - a potion of magic {unknown}
 h - a potion of degeneration {unknown}
 m - a potion of curing
 n - a potion of heal wounds {unknown}


   Skills:
 + Level 3.9 Fighting
 * Level 5.0 Long Blades
 + Level 4.3 Dodging
 + Level 3.2 Stealth


You had 4 spell levels left.
You didn't know any spells.
Your spell library contained the following spells:

 Spells                   Type           Power      Damage    Failure   Level
 Apportation              Tloc           0%         N/A       36%         1
 Magic Dart               Conj           0%         1d3       36%         1
 Necrotise                Necr           0%         1d4       36%         1
 Summon Small Mammal      Summ           0%         N/A       36%         1
 Call Imp                 Summ           0%         N/A       50%         2
 Scorch                   Fire           0%         2d5       50%         2
 Mephitic Cloud           Conj/Pois/Air  0%         N/A       75%         3
 Flame Wave               Conj/Fire      0%         2d4       98%         4
 Summon Cactus Giant      Summ           0%         N/A       100%        6


Dungeon Overview and Level Annotations

Branches:
Dungeon (4/15)
 Temple: D:4-7

Altars:
Qazlal

Annotations:
D:4 2 runed translucent doors


Innate Abilities, Weirdness & Mutations

You have a beak for a mouth.
You have claws for feet.
Your magical nature lets you fly swiftly and evasively.


Message History

There is a stone staircase leading up here.
Found a dagger.
Found 2 stones.
Found a whip.
An ufetubus comes into view.
An ufetubus is nearby!
The ufetubus shouts!
The ufetubus hits you but does no damage.
The ufetubus closely misses you.
You hit the ufetubus. You peck the ufetubus.
You kill the ufetubus!
No target in view!
No target in view!
e - 2 potions of lignification (gained 1)
An orc wizard comes into view. It is wielding a +0 dagger.
Found a scroll of butterflies.
An orc wizard is nearby!
An orc wizard is nearby!
An orc priest, an orc wizard, a hobgoblin and a giant cockroach come into view.
The orc wizard shouts!
The orc wizard shouts!
The hobgoblin shouts!
The orc priest shouts!
As you read the scroll labelled FYW KOUNYG, it crumbles to dust.
It is a scroll of amnesia.
You feel forgetful for a moment.
As you read the scroll labelled GEJIESYLLA, it crumbles to dust.
Magic quickly surges around you.
It was a scroll of vulnerability.
The orc priest invokes the aid of Beogh against you.
Beogh smites you! The orc wizard casts a spell at you.
The puff of flame hits you!
* * * LOW HITPOINT WARNING * * *
The orc priest miscasts a cantrip.
The orc wizard mumbles some strange words.
The orc wizard flickers and vanishes!
Deactivating autopickup; reactivate with Ctrl-A.
The orc wizard hits you with a +0 dagger.
* * * LOW HITPOINT WARNING * * *
The orc wizard casts a spell at you. The magic dart hits you.
You die...

####..#######..###
#....
#...?.....#...##
#....
............###
#....
..............###
#....
................#
#.###
.......B.........#
##
.....oo.........##
......g........##
........@.....##
.............##
............##
#........####
#.....##.# ######
#.# #.# #.#


You could see an orc priest (weak-willed), an orc wizard (weak-willed), a giant
cockroach (weak-willed) and a hobgoblin (weak-willed).

Vanquished Creatures
  An ice beast (D:3)
  Robin (D:4)
  An ufetubus (D:4)
  A worm (D:3)
  3 dart slugs
  4 endoplasms
  2 giant cockroaches
  12 goblins
  14 hobgoblins
  4 jackals (D:2)
  5 kobolds
  2 quokkas (D:2)
  6 ball pythons
  11 bats
  4 frilled lizards
  26 rats
97 creatures vanquished.

Notes
Turn   | Place    | Note
-------+----------+-------------------------------------------
     0 | D:1      | Sweeb the Tengu Monk began the quest for the Orb.
     0 | D:1      | Reached XP level 1. HP: 14/14 MP: 2/2
   205 | D:1      | Reached XP level 2. HP: 8/19 MP: 3/3
   909 | D:1      | Reached XP level 3. HP: 21/23 MP: 4/4
  1576 | D:2      | Reached skill level 4 in Long Blades
  1794 | D:2      | Found a stormy altar of Qazlal.
  1935 | D:2      | Reached XP level 4. HP: 15/28 MP: 5/5
  2661 | D:2      | Found a faded altar of an unknown god.
  3303 | D:3      | Noticed an ice beast
  3315 | D:3      | Killed an ice beast
  3316 | D:3      | Gained mutation: Your magical nature lets you fly swiftly
                  | and evasively. [Tengu growth]
  3316 | D:3      | Reached XP level 5. HP: 26/33 MP: 6/6
  3769 | D:4      | Noticed Robin
  3772 | D:4      | Reached skill level 5 in Long Blades
  3823 | D:4      | Killed Robin
  4032 | D:4      | Found a large runed translucent door.
  4032 | D:4      | Found a large runed translucent door.
  4172 | D:4      | Killed from afar by an orc wizard

Illustrated notes

Levels and vault maps discovered:
D:1:      sevenhm_arrival_forest_fort_large_2, layout_basic, serial_forest,
          infiniplex_forest_lined_2, infiniplex_forest_fountain,
          infiniplex_forest_straight_5, infiniplex_forest_lined_room_,
          infiniplex_forest_clump_large, infiniplex_forest_clump_tiny,
          infiniplex_forest_lined_room_2, infiniplex_forest_lined_1,
          infiniplex_forest_corner_1, infiniplex_forest_corner_1, st_stairs_12,
          hangedman_abyss_or_decor_stabs
D:2:      layout_loops_ring, shapermc_ecumenical_altar_mp_vishouse, basic_altar,
          st_stairs_8, grunt_ministairs_8, minmay_rat_hole
D:3:      layout_loops_ring, chequers_mini_garden
D:4:      layout_cave_pods, jmf_multi_god_temple2, serial_shops,
          kennysheep_mini, uniq_robin

Skill      XL: |  1  2  3  4  5 |
---------------+----------------+-----
Long Blades    | 4 5 |  5.0
Dodging        | 4 |  4.3
Stealth        | 3 |  3.2
Fighting       | |  3.9

Action                   |  1- 3 |  4- 6 || total
-------------------------+-------+-------++-------
Melee: Falchion          |   100 |    97 ||   197
       Peck              |    10 |    16 ||    26
       Kick              |    20 |    20 ||    40
       Punch             |     3 |     2 ||     5
  Use: Scroll            |     3 |     5 ||     8
       Potion            |       |     3 ||     3
 Stab: Distracted        |     1 |       ||     1
       Sleeping          |     7 |     6 ||    13
Armor: Robe              |    25 |     9 ||    34
Dodge: Dodged            |    76 |    51 ||   127

Table legend: (Time is in decaauts)
 A = Elapsed time spent in this place.
 B = Non-inter-level travel time spent in this place.
 C = Inter-level travel time spent in this place.
 D = Time resting spent in this place.
 E = Time spent auto-exploring this place.
 F = Levels seen in this place.
 G = Mean time per level.
                   A        B        C        D        E       F      G
               +--------+--------+--------+--------+--------+-----+--------+
         Total |   4133 |   4027 |    106 |    718 |   2721 |   4 | 1033.2 |
       Dungeon |   4133 |   4027 |    106 |    718 |   2721 |   4 | 1033.2 |
               +--------+--------+--------+--------+--------+-----+--------+

Top non-repeatable levels by time:
     D:1: 1477 daAuts
     D:2: 1232 daAuts
     D:3: 1004 daAuts
     D:4: 420 daAuts
